 Dungeon Sprint DCSS version 0.22.1-1-ga44c0e56f4 (webtiles) character file.

9452 MuseOD the Imperceptible (level 11, -15/56 HPs)
             Began as a Spriggan Enchanter on Sept 21, 2018.
             Was a High Priest of Dithmenos.
             Demolished by a tentacle (24 damage)
             ... attached to a kraken
             ... in the Dungeon (Sprint II: "The Violet Keep of Menkaure").
             The game lasted 00:06:57 (1205 turns).

MuseOD the Imperceptible (Spriggan Enchanter)       Turns: 1205, Time: 00:06:57

Health: -15/56     AC:  4    Str:  4    XL:     11   Next: 23%
Magic:  15/27      EV: 31    Int: 20    God:    Dithmenos [*****.]
Gold:   316        SH:  0    Dex: 17    Spells: 9/32 levels left

rFire    . . .     SeeInvis +   a - +1 dagger
rCold    . . .     Gourm    .   (shield restricted)
rNeg     . . .     Faith    .   i - +2 robe
rPois    .         Spirit   .   (helmet restricted)
rElec    .         Reflect  .   (no cloak)
rCorr    .         Harm     .   (gloves unavailable)
MR       +....     NoTele   +   (boots unavailable)
Stlth    ++++++++++             (no amulet)
HPRegen  0.18/turn              (no ring)
MPRegen  0.20/turn              (no ring)

@: lethally poisoned (-15 -> -17), very slightly contaminated, slowed, wreathed
by umbra, quick
A: very small, unfitting armour, see invisible, herbivore, speed 3, slow
metabolism 2
a: Shadow Step, Shadow Form, Renounce Religion


You were in the Dungeon.
You worshipped Dithmenos.
Dithmenos was extremely pleased with you.
You were not hungry.

You visited 1 branch You collected 1565 gold pieces.
You spent 1249 gold pieces at shops.

Inventory:

Hand Weapons
 a - a +1 dagger (weapon)
Armour
 b - a +0 robe
 i - a +2 robe (worn)
Scrolls
 j - a scroll of blinking
 l - a scroll of amnesia {unknown}
Potions
 c - a potion of invisibility
 e - 4 potions of curing
 f - 3 potions of heal wounds
 g - a potion of haste
 h - 2 potions of magic
 k - 4 potions of flight
 m - a potion of brilliance {unknown}
Comestibles
 d - a ration


   Skills:
 - Level 5.5 Fighting
 + Level 15.0 Short Blades
 + Level 14.9 Dodging
 + Level 21.9 Stealth
 - Level 11.4 Spellcasting
 - Level 11.6 Hexes


You had 9 spell levels left.
You knew the following spells:

 Your Spells              Type           Power        Failure   Level  Hunger
a - Corona                Hex            ######.      1%          1    None
b - Ensorcelled Hibernat  Hex/Ice        ####..       1%          2    None
c - Confuse               Hex            ######..     1%          3    None
d - Dazzling Spray        Conj/Hex       ####..       1%          3    None
e - Tukima's Dance        Hex            ######..     1%          3    None
f - Invisibility          Hex            ######..     8%          6    ######.
g - Alistair's Intoxicat  Tmut/Pois      ##......     86%         5    ####...

Your spell library contained the following spells:

 Spells                   Type           Power        Failure   Level  Hunger
 Apportation              Tloc           ##....       6%          1    None
 Summon Butterflies       Summ           ##......     6%          1    None
 Lesser Beckoning         Tloc           ##........   19%         3    None


Dungeon Overview and Level Annotations

Branches:
Dungeon (1/1)

Altars:
Cheibriados
Dithmenos
Elyvilon
Fedhas
Gozag
Hepliaklqana
Kikubaaqudgha
Makhleb
Nemelex Xobeh
Okawaru
Qazlal
Ru
Sif Muna
Trog
Uskayaw
Vehumet
Wu Jian
Xom
Yredelemnul
Zin
The Shining One
Beogh
Jiyva
Lugonu

Shops:
D %***::=!(=:%?[![**=(%*!=:?[}

Annotations:
D exclusion: oklob plant


Innate Abilities, Weirdness & Mutations

You are very small and have problems with some larger weapons.
You are too small for most types of armour.
You have supernaturally acute eyesight. (SInv)
You are a herbivore.
You cover ground extremely quickly.
You need to consume almost no food.


Message History

Casting: Ensorcelled Hibernation (safe; 1% risk of failure)
Confirm with . or Enter, or press ? or * to list all spells.
Aiming: Confuse (safe; 1% risk of failure)
Press: ? - help, Shift-Dir - straight line, f/p - kraken
Aim: a kraken (water, umbra, chance to defeat MR: 40%)
The kraken resists with some effort.
You open the door.
You feel sick.
You feel sick.
Tentacles burst out of the water!
Found six items. 2 tentacles come into view.
There is an open door here.
The tentacle completely misses you.
Found seven items.
You see here a ration.
You feel sick. The tentacle misses you. The tentacle completely misses you.
You see here 12 gold pieces.
You see here a ration.
Okay, then.
You feel sick. The tentacle slaps you!!
You die...

.## ▓▓▓▓▓▓▓▓▓▓ ...##
▓≈≈≈≈≈§§≈▓▓ ...#k##
▓▓▓▓▓▓▓▓▓▓▓ ..#§.#
▓?)$!$[[%▓▓ #.#§.#
▓$[($[?!$▓▓ +.##k#
[▓(??(!)([▓▓
#..8####▓"$$$[!$[▓▓
##..##.#▓[?$"?$@)▓▓
+..#..#▓[$$!($%w▓▓
#..#).#▓?!$!?!│(▓▓
###..##§#▓)!?)[)│$▓▓
.###.^.##▓▓▓▓▓▓▓│▓▓▓▓+▓
...≈≈≈≈≈≈≈≈k≈≈≈≈.\wXw≈▓
...≈#+########+###Vw≈≈▓
≈..≈#..._._._#§≈≈ #≈≈≈▓
≈≈.§#_._._._.#§§≈§ ###▓


You could see a kraken, a death drake and 3 tentacles.

Vanquished Creatures
  Kirke (D)
  A yaktaur captain (D)
  A fire dragon (D)
  A centaur warrior (D)
  A skeletal warrior (D)
  3 manticores (D)
  An elephant (D)
  A merfolk siren (D)
  2 spiny frogs (D)
  A kobold demonologist (D)
  A yaktaur (D)
  5 polar bears (D)
  2 tyrant leeches (D)
  A hornet (D)
  2 hippogriffs (D)
  2 wyverns (D)
  Menkaure (D)
  5 necrophages (D)
  A hell rat (D)
  An iron imp (D)
34 creatures vanquished.

Vanquished Creatures (others)
  A crocodile (D)
1 creature vanquished.

Grand Total: 35 creatures vanquished

Notes
Turn   | Place    | Note
-------+----------+-------------------------------------------
     0 | D        | MuseOD the Spriggan Enchanter began the quest for the Orb.
     0 | D        | Reached XP level 1. HP: 9/9 MP: 5/5
     1 | D        | Noticed a hippogriff
     1 | D        | Noticed a hippogriff
     4 | D        | Noticed a tyrant leech
     4 | D        | Noticed a tyrant leech
     7 | D        | Noticed a necrophage
     7 | D        | Noticed a necrophage
     7 | D        | Noticed a necrophage
     7 | D        | Noticed a necrophage
    10 | D        | Noticed a merfolk siren
    22 | D        | Killed a necrophage
    22 | D        | Reached skill level 8 in Stealth
    22 | D        | Reached XP level 2. HP: 16/16 MP: 6/6
    22 | D        | Reached XP level 3. HP: 20/20 MP: 8/8
    22 | D        | Reached XP level 4. HP: 24/24 MP: 9/9
    28 | D        | Killed a necrophage
    28 | D        | Reached skill level 9 in Stealth
    28 | D        | Reached XP level 5. HP: 30/30 MP: 10/10
    32 | D        | Killed a necrophage
    32 | D        | Reached skill level 5 in Fighting
    32 | D        | Reached skill level 10 in Stealth
    39 | D        | Killed a necrophage
    39 | D        | Reached skill level 10 in Short Blades
    39 | D        | Reached skill level 11 in Stealth
    39 | D        | Reached XP level 6. HP: 35/35 MP: 11/11
    75 | D        | Learned a level 2 spell: Ensorcelled Hibernation
    79 | D        | Learned a level 3 spell: Confuse
    83 | D        | Learned a level 3 spell: Dazzling Spray
   107 | D        | Killed a merfolk siren
   107 | D        | Reached skill level 13 in Stealth
   107 | D        | Reached XP level 7. HP: 28/39 MP: 7/17
   183 | D        | Killed a hippogriff
   190 | D        | Killed a hippogriff
   190 | D        | Reached skill level 14 in Stealth
   197 | D        | Found a glowing golden altar of the Shining One.
   197 | D        | Found an ornate altar of the Wu Jian Council.
   198 | D        | Found a shimmering altar of Xom.
   198 | D        | Found a sacrificial altar of Ru.
   199 | D        | Found a basalt altar of Yredelemnul.
   199 | D        | Found a deep blue altar of Sif Muna.
   200 | D        | Found a glowing silver altar of Zin.
   200 | D        | Found a bloodstained altar of Trog.
   200 | D        | Found an ancient bone altar of Kikubaaqudgha.
   200 | D        | Found a stormy altar of Qazlal.
   200 | D        | Found a viscous altar of Jiyva.
   201 | D        | Found a hide-covered altar of Uskayaw.
   201 | D        | Found a corrupted altar of Lugonu.
   201 | D        | Found a shadowy altar of Dithmenos.
   202 | D        | Found a radiant altar of Vehumet.
   202 | D        | Found a burning altar of Makhleb.
   202 | D        | Found a white marble altar of Elyvilon.
   203 | D        | Found a sparkling altar of Nemelex Xobeh.
   203 | D        | Found a blossoming altar of Fedhas.
   204 | D        | Found an iron altar of Okawaru.
   204 | D        | Found an opulent altar of Gozag.
   206 | D        | Found a hazy altar of Hepliaklqana.
   206 | D        | Found a snail-covered altar of Cheibriados.
   207 | D        | Found a roughly hewn altar of Beogh.
   213 | D        | Became a worshipper of Dithmenos the Shadowed
   240 | D        | Noticed a polar bear
   240 | D        | Noticed a hornet
   241 | D        | Noticed a yaktaur
   242 | D        | Noticed a polar bear
   245 | D        | Noticed a polar bear
   261 | D        | Killed a polar bear
   261 | D        | Reached XP level 8. HP: 16/44 MP: 5/21
   269 | D        | Killed a yaktaur
   269 | D        | Reached skill level 15 in Stealth
   281 | D        | Killed a polar bear
   281 | D        | Reached * piety under Dithmenos
   281 | D        | Reached skill level 10 in Hexes
   290 | D        | Killed a polar bear
   290 | D        | Reached skill level 16 in Stealth
   290 | D        | Reached skill level 10 in Spellcasting
   314 | D        | Killed a hornet
   443 | D        | Killed a tyrant leech
   443 | D        | Reached ** piety under Dithmenos
   443 | D        | Reached XP level 9. HP: 47/47 MP: 15/25
   449 | D        | Killed a tyrant leech
   449 | D        | Reached skill level 17 in Stealth
   534 | D        | Found Wuugrey's Antique Armour Boutique.
   534 | D        | Found Jucyl Iwn's Book Shop.
   534 | D        | Found Unuol's Antique Weapon Boutique.
   534 | D        | Found Zaolakei's Distillery.
   534 | D        | Found Qocunihi's Jewellery Shop.
   535 | D        | Found Lukoix's Gadget Shop.
   535 | D        | Found Yfall's Jewellery Shop.
   535 | D        | Found Goseshafue's Antique Armour Shop.
   536 | D        | Found Uham's Magic Scroll Boutique.
   536 | D        | Found Wikoariw's Magic Scroll Shop.
   536 | D        | Found Vafaegan's Food Boutique.
   536 | D        | Noticed Menkaure
   536 | D        | Noticed a death yak
   540 | D        | Killed Menkaure
   559 | D        | Found Feetutaa's Antique Weapon Shop.
   559 | D        | Found Xyajat's Distillery.
   559 | D        | Noticed an oklob plant
   560 | D        | Found Ubenesul's General Store.
   560 | D        | Found Vaozyck's General Store.
   560 | D        | Found Wazat's Book Shoppe.
   560 | D        | Noticed an iron elemental
   576 | D        | Bought a potion of curing for 36 gold pieces
   576 | D        | Bought a potion of curing for 36 gold pieces
   576 | D        | Bought a potion of curing for 36 gold pieces
   576 | D        | Bought a potion of invisibility for 96 gold pieces
   576 | D        | Bought a potion of heal wounds for 60 gold pieces
   578 | D        | Bought an embroidered robe for 81 gold pieces
   580 | D        | Bought a potion of curing for 36 gold pieces
   580 | D        | Bought a potion of magic for 96 gold pieces
   580 | D        | Bought a potion of curing for 36 gold pieces
   580 | D        | Bought a potion of flight for 36 gold pieces
   628 | D        | Noticed an elephant
   628 | D        | Noticed a centaur warrior
   628 | D        | Noticed Kirke
   628 | D        | Noticed a skeletal warrior
   628 | D        | Noticed a yaktaur captain
   628 | D        | Noticed a kobold demonologist
   630 | D        | Killed a kobold demonologist
   630 | D        | Reached skill level 5 in Dodging
   632 | D        | Killed Kirke
   632 | D        | Reached *** piety under Dithmenos
   632 | D        | Reached skill level 10 in Dodging
   632 | D        | Reached skill level 19 in Stealth
   632 | D        | Reached XP level 10. HP: 51/51 MP: 26/26
   633 | D        | Killed a yaktaur captain
   635 | D        | Killed a skeletal warrior
   635 | D        | Reached skill level 20 in Stealth
   636 | D        | Killed a centaur warrior
   638 | D        | Killed an elephant
   638 | D        | Reached **** piety under Dithmenos
   659 | D        | Reached ***** piety under Dithmenos
   663 | D        | Noticed a manticore
   663 | D        | Noticed a manticore
   668 | D        | Noticed a manticore
   672 | D        | Killed a manticore
   672 | D        | Reached skill level 21 in Stealth
   672 | D        | Killed a manticore
   676 | D        | Killed a manticore
   676 | D        | Reached XP level 11. HP: 28/56 MP: 0/27
   831 | D        | Noticed a fire dragon
   838 | D        | Killed a fire dragon
   842 | D        | Reached skill level 15 in Short Blades
   861 | D        | Found Houvext's Food Emporium.
   861 | D        | Found Qoilayn's Book Shop.
   861 | D        | Found Nilekios's Assorted Antiques.
   861 | D        | Found Yshriff's Jewellery Shoppe.
   861 | D        | Found Icucven's Book Boutique.
   862 | D        | Found Gapixyno's Jewellery Shoppe.
   862 | D        | Found Gonuffics's Armour Boutique.
   862 | D        | Found Saysk's Assorted Antiques.
   862 | D        | Found Cepnoung's Food Shop.
   862 | D        | Found Doushrate's Distillery.
   862 | D        | Found Eqekyec's General Store.
   862 | D        | Found Reopaonae's General Store.
   867 | D        | Bought a book of Party Tricks for 700 gold pieces
   879 | D        | Learned a level 3 spell: Tukima's Dance
   886 | D        | Learned a level 6 spell: Invisibility
   892 | D        | Learned a level 5 spell: Alistair's Intoxication
   924 | D        | Noticed a death drake
   929 | D        | Noticed a death drake
   929 | D        | Noticed a crystal guardian
  1193 | D        | Noticed a kraken
  1205 | D        | Demolished by a tentacle

Skill      XL: |  1  2  3  4  5  6  7  8  9 10 11 |
---------------+----------------------------------+-----
Fighting       | 3 4 5 |  5.5
Short Blades   | 6 8 10 12 14 15 | 15.0
Stealth        | 8 9 11 13 14 16 19 21 | 21.9
Spellcasting   | 6 8 11 | 11.4
Hexes          | 6 9 11 | 11.6
Dodging        | 10 13 14 | 14.9

Action                   |  1- 3 |  4- 6 |  7- 9 | 10-12 || total
-------------------------+-------+-------+-------+-------++-------
Melee: Dagger            |     8 |    24 |    44 |    21 ||    97
 Cast: Confuse           |       |     1 |    17 |    14 ||    32
       Ensorcelled Hiber |       |     1 |     1 |     1 ||     3
       Invisibility      |       |       |       |     2 ||     2
  Use: Potion            |     1 |       |     2 |     2 ||     5
 Stab: Confused          |       |     2 |    15 |     3 ||    20
       Sleeping          |       |       |     3 |    11 ||    14
Armor: Robe              |       |     2 |     2 |       ||     4
Dodge: Dodged            |     3 |     6 |    24 |    24 ||    57
